 Dungeon Crawl Stone Soup version 0.23.2-1-ga50397a6bc (webtiles) character file.

Game seed: 8928695217365470141

10081 Marnok the Basher (level 11, -2/107 HPs)
             Began as a Troll Berserker on Apr 17, 2019.
             Was a High Priest of Trog.
             Slain by a cyan ugly thing (7 damage)
             ... on level 11 of the Dungeon.
             The game lasted 00:37:15 (9939 turns).

Marnok the Basher (Troll Berserker)                 Turns: 9939, Time: 00:37:15

Health: -2/107     AC:  6    Str: 28    XL:     11   Next: 31%
Magic:  2/2        EV: 12    Int:  8    God:    Trog [*****.]
Gold:   750        SH:  0    Dex: 10    Spells: 10/10 levels left

rFire    . . .     SeeInvis .   F - +4 giant club of the Maze {crush, MP-9 Int+4 Stlth+}
rCold    . . .     Gourm    +   (shield currently unavailable)
rNeg     . . .     Faith    .   b - +0 animal skin
rPois    .         Spirit   .   E - +0 hat
rElec    .         Reflect  .   (no cloak)
rCorr    .         Harm     .   (gloves unavailable)
MR       .....                  (boots unavailable)
Stlth    +++.......             (no amulet)
HPRegen  0.67/turn              t - ring of flight
MPRegen  0.08/turn              (no ring)

@: lightly drained
A: large, unfitting armour, claws 3, fast metabolism 3, gourmand, regeneration
1, shaggy fur 1, tough skin 3
a: Berserk, Trog's Hand, Brothers in Arms, Renounce Religion, Evoke Flight


You were on level 11 of the Dungeon.
You worshipped Trog.
Trog was extremely pleased with you.
You were very full.

You visited 1 branch of the dungeon, and saw 11 of its levels.
You also visited: Sewer and Ossuary.

You collected 750 gold pieces.

Inventory:

Hand Weapons
 a - a +1 mace
 h - the +0 flail "Sauwo" {crush, rF+}
   (You found it on level 5 of the Dungeon)

   It inflicts extra damage upon your enemies.
   It protects you from fire.
 o - a +1 dire flail of protection
 z - a +0 hand axe of holy wrath
 F - the +4 giant club of the Maze (weapon) {crush, MP-9 Int+4 Stlth+}
   (Trog gifted it to you on level 9 of the Dungeon)

   It inflicts extra damage upon your enemies.
   It affects your intelligence (+4).
   It affects your magic capacity (-9).
   It makes you more stealthy.
 I - a +3 hand crossbow
Missiles
 m - 3 poisoned tomahawks
 n - 5 javelins of returning (quivered)
 G - 5 silver tomahawks
Armour
 b - a +0 animal skin (worn)
 B - a +2 large shield
 E - a +0 hat (worn)
Jewellery
 t - a ring of flight (left claw)
Wands
 k - a wand of paralysis (10)
 l - a wand of enslavement (11)
 q - a wand of digging (6)
 v - a wand of acid (10)
 J - a wand of disintegration (7)
Scrolls
 e - 6 scrolls of identify
 f - 6 scrolls of teleportation
 i - 6 scrolls of remove curse
 j - 6 scrolls of magic mapping
 p - 3 scrolls of noise
 w - a scroll of enchant armour
 x - 2 scrolls of enchant weapon
 y - a scroll of torment
 A - a scroll of summoning {unknown}
 D - 2 scrolls of fog
Potions
 d - 5 potions of curing
 g - a potion of agility
 r - 3 potions of lignification
 u - a potion of brilliance
 C - a potion of magic
 H - a potion of might
 K - a potion of cancellation
Comestibles
 c - 25 rations


   Skills:
 + Level 6.7 Fighting
 + Level 11.1 Maces & Flails
 + Level 6.5 Dodging
 + Level 2.5(2.4) Stealth
 + Level 5.6 Shields
 + Level 1.5 Evocations


You had 10 spell levels left.
You didn't know any spells.
Your spell library contained the following spells:

 Spells                   Type           Power        Failure   Level  Hunger
 Magic Dart               Conj           #...         41%         1    ##.....
 Shock                    Conj/Air       #...         41%         1    ##.....
 Blink                    Tloc           N/A          54%         2    ###....
 Searing Ray              Conj           #.....       54%         2    ###....
 Shroud of Golubria       Chrm/Tloc      #.........   54%         2    ###....
 Swiftness                Chrm/Air       #.......     54%         2    ###....
 Dazzling Spray           Conj/Hex       #.....       78%         3    ####...
 Gell's Gravitas          Tloc           #.........   78%         3    ####...
 Lesser Beckoning         Tloc           #.........   78%         3    ####...
 Static Discharge         Conj/Air       #.......     78%         3    ####...
 Teleport Other           Tloc           #.......     78%         3    ####...
 Airstrike                Air            #.........   99%         4    #####..
 Force Lance              Conj/Tloc      #.......     99%         4    #####..
 Fulminant Prism          Conj/Hex       #.........   99%         4    #####..
 Iskenderun's Mystic Bla  Conj           #.......     99%         4    #####..
 Passage of Golubria      Tloc           N/A          99%         4    #####..
 Lightning Bolt           Conj/Air       #.........   100%        5    ######.


Dungeon Overview and Level Annotations

Branches:
Dungeon (11/15)            Temple (0/1) D:4            Lair (0/6) D:10
    Orc (0/2) D:9

Altars:
Ashenzari
Qazlal
Xom

Annotations:
D:7 2 transporters, Revguard's ghost, novice HuFi
D:9 3 runed translucent doors, chimenez's ghost, novice TrFi


Innate Abilities, Weirdness & Mutations

You are too large for most types of armour.
You have claws for hands.
Your metabolism is lightning-fast.
You like to eat raw meat.
Your natural rate of healing is unusually fast.
You are covered in fur. (AC +1)
You have extremely tough skin. (AC +3)


Message History

The cyan ugly thing shocks you! The cyan ugly thing closely misses you.
You sock the cyan ugly thing!
The cyan ugly thing is lightly wounded.
The cyan ugly thing closely misses you.
You bludgeon the cyan ugly thing!!
The cyan ugly thing is almost dead.
The cyan ugly thing engulfs you! The cyan ugly thing shocks you!
You closely miss the cyan ugly thing.
The cyan ugly thing is almost dead.
The cyan ugly thing engulfs you!
* * * LOW HITPOINT WARNING * * *
The cyan ugly thing shocks you!
* * * LOW HITPOINT WARNING * * *
You feel much better. The cyan ugly thing engulfs you!
* * * LOW HITPOINT WARNING * * *
The cyan ugly thing shocks you!
* * * LOW HITPOINT WARNING * * *
There is a stone staircase leading up here.
The cyan ugly thing engulfs you!
You die...

#.# #.# #.# ###
##.### ## ....
##.... .#
.....#...########.#
##................#
#.........$#####u.#
#.###.....## #@.#
##...## #..# ##.##
#..# ### #..# #..#
#... ##.# .#


You could see a cyan ugly thing.

Vanquished Creatures
  2 two-headed ogres (D:9)
  The ghost of stultus the Skirmisher, a novice DsBe of Trog (D:5)
  A komodo dragon (D:10)
  A hippogriff (D:7)
  A wraith (D:10)
  5 yaks (D:9)
  A wyvern (D:8)
  A basilisk (D:10)
  3 hungry ghosts (D:9)
  A two-headed ogre zombie (D:9)
  Menkaure (D:4)
  An acid dragon (D:10)
  4 sky beasts
  A black bear (D:9)
  An ice beast (D:5)
  3 orc warriors
  An eye of draining (D:10)
  2 phantoms
  2 centaurs
  3 ogres
  3 crocodiles
  Blork the orc (D:6)
  4 bullfrogs
  A wyvern zombie (Ossuary)
  A troll zombie (D:9)
  A scorpion (D:7)
  5 killer bees (D:9)
  6 wights
  8 howler monkeys
  5 crimson imps
  2 bullfrog zombies (Ossuary)
  3 centaur zombies
  4 jellies
  5 orc priests
  2 bullfrog skeletons (D:9)
  3 hounds
  7 orc wizards
  2 centaur skeletons
  A gnoll shaman (D:9)
  13 mummies (Ossuary)
  An iguana (D:7)
  3 worker ants
  6 ogre zombies (D:9)
  3 hound zombies (Ossuary)
  A hound skeleton (D:6)
  2 howler monkey zombies
  3 worker ant zombies
  7 gnolls
  9 adders
  2 shadow imps
  A white imp (D:5)
  An ooze (D:4)
  3 adder zombies
  An adder skeleton (D:5)
  2 worms (D:2)
  A dart slug (D:3)
  9 leopard geckos
  23 orcs
  5 ball pythons
  10 giant cockroaches
  9 goblins
  9 hobgoblins
  14 jackals
  A quokka (D:3)
  11 bats
  7 frilled lizards
  A giant cockroach zombie (Ossuary)
  A goblin skeleton (D:9)
  A goblin zombie (D:9)
  A hobgoblin skeleton (D:9)
  2 hobgoblin zombies (D:9)
  A jackal zombie (Ossuary)
  7 kobolds
  A leopard gecko skeleton (D:5)
  A leopard gecko zombie (Ossuary)
  3 orc skeletons (D:9)
  17 orc zombies (D:9)
  9 rats
  A rat zombie (D:7)
  A withered plant (Ossuary)
304 creatures vanquished.

Vanquished Creatures (collateral kills)
  Harold (D:7)
  A hornet (D:8)
  A centaur (D:7)
  A crocodile (D:10)
  A rat zombie (D:7)
5 creatures vanquished.

Vanquished Creatures (others)
  A withered plant (Ossuary)
1 creature vanquished.

Grand Total: 310 creatures vanquished

Notes
Turn   | Place    | Note
-------+----------+-------------------------------------------
     0 | D:1      | Marnok the Troll Berserker began the quest for the Orb.
     0 | D:1      | Reached XP level 1. HP: 22/22 MP: 0/0
    83 | D:1      | Reached XP level 2. HP: 29/29 MP: 1/1
   357 | D:1      | Reached skill level 3 in Maces & Flails
   650 | D:1      | Reached ** piety under Trog
   677 | D:1      | Reached XP level 3. HP: 35/36 MP: 2/2
  1439 | D:2      | Reached XP level 4. HP: 45/45 MP: 3/3
  1905 | D:3      | Reached XP level 5. HP: 53/53 MP: 4/4
  1911 | D:3      | Reached skill level 4 in Maces & Flails
  2054 | D:3      | Reached *** piety under Trog
  2675 | D:4      | Noticed a phantom
  2683 | D:4      | Noticed Menkaure
  2689 | D:4      | Found a staircase to the Ecumenical Temple.
  2718 | D:4      | Found a glowing drain.
  2722 | Sewer    | Entered a sewer
  2774 | Sewer    | Reached XP level 6. HP: 58/61 MP: 5/5
  3072 | D:4      | Killed Menkaure
  3072 | D:4      | Reached **** piety under Trog
  3072 | D:4      | Reached skill level 1 in Shields
  3072 | D:4      | Reached skill level 1 in Evocations
  3072 | D:4      | Reached XP level 7. HP: 68/68 MP: 6/6
  3075 | D:4      | Reached skill level 5 in Maces & Flails
  3655 | D:5      | Entered Level 5 of the Dungeon
  3669 | D:5      | Found a runed translucent door.
  3669 | D:5      | Noticed stultus's ghost (novice DsBe)
  3929 | D:5      | Reached skill level 6 in Maces & Flails
  3949 | D:5      | Reached XP level 8. HP: 61/78 MP: 7/7
  4306 | D:5      | Got a bloodstained flail
  4307 | D:5      | Identified the cursed +0 flail "Sauwo" {crush, rF+} (You
                  | found it on level 5 of the Dungeon)
  4552 | D:5      | Killed stultus's ghost
  4552 | D:5      | Reached skill level 1 in Stealth
  4733 | D:6      | Reached skill level 7 in Maces & Flails
  4861 | D:6      | Found a shimmering altar of Xom.
  4876 | D:6      | Found a shimmering altar of Xom.
  4879 | D:6      | Found a shimmering altar of Xom.
  4879 | D:6      | Found a shimmering altar of Xom.
  5023 | D:6      | Noticed Blork the orc
  5028 | D:6      | Killed Blork the orc
  5050 | D:6      | Received a gift from Trog
  5129 | D:6      | Found a shimmering altar of Xom.
  5129 | D:6      | Found a shimmering altar of Xom.
  5133 | D:6      | Found a shimmering altar of Xom.
  5160 | D:7      | Found a sand-covered staircase.
  5161 | D:7      | Noticed Harold
  5168 | Ossuary  | Entered an ossuary
  5202 | Ossuary  | Reached XP level 9. HP: 85/85 MP: 8/8
  5214 | Ossuary  | Reached ***** piety under Trog
  5360 | Ossuary  | Reached skill level 5 in Dodging
  5443 | Ossuary  | Reached skill level 8 in Maces & Flails
  5656 | D:7      | Killed Harold
  5656 | D:7      | Reached skill level 5 in Fighting
  5975 | D:7      | Reached skill level 9 in Maces & Flails
  6159 | D:7      | Found a transporter.
  6159 | D:7      | Identified the +10 dire flail of the Lesser Evil {drain,
                  | *Contam +Inv MR+}
  6159 | D:7      | Identified the +10 great mace "Zinev" {flame, rN+ MR+ Str+2
                  | Dex-4}
  6159 | D:7      | Noticed a two-headed ogre
  6175 | D:7      | Noticed Revguard's ghost (novice HuFi)
  6185 | D:7      | Found a transporter.
  6388 | D:7      | Reached XP level 10. HP: 62/96 MP: 10/10
  6662 | D:8      | Received a gift from Trog
  6924 | D:8      | Paralysed by a hornet for 2 turns
  7633 | D:9      | Found a shattered altar of Ashenzari.
  7642 | D:9      | Noticed a two-headed ogre
  7648 | D:9      | Killed a two-headed ogre
  7648 | D:9      | Reached skill level 10 in Maces & Flails
  7721 | D:9      | Reached skill level 5 in Shields
  7766 | D:9      | Received a gift from Trog
  7817 | D:9      | Received a gift from Trog
  7884 | D:9      | Got a faintly glowing giant club {god gift}
  7900 | D:9      | Identified the +4 giant club of the Maze {crush, MP-9 Int+4
                  | Stlth+} (Trog gifted it to you on level 9 of the Dungeon)
  7997 | D:9      | Found a staircase to the Orcish Mines.
  8035 | D:9      | Found a runed translucent gate.
  8035 | D:9      | Found a runed translucent gate.
  8036 | D:9      | Found a runed translucent gate.
  8040 | D:9      | Noticed chimenez's ghost (novice TrFi)
  8309 | D:9      | Noticed a two-headed ogre
  8322 | D:9      | Killed a two-headed ogre
  8438 | D:9      | Reached XP level 11. HP: 106/106 MP: 2/11
  8942 | D:10     | Entered Level 10 of the Dungeon
  9077 | D:10     | Found a stormy altar of Qazlal.
  9535 | D:10     | Found a staircase to the Lair.
  9549 | D:10     | Reached skill level 11 in Maces & Flails
  9775 | D:11     | Noticed a red ugly thing
  9781 | D:11     | Noticed a two-headed ogre
  9923 | D:11     | Noticed a cyan ugly thing
  9933 | D:11     | HP: 1/107 [cyan ugly thing (15)]
  9939 | D:11     | Slain by a cyan ugly thing

Skill      XL: |  1  2  3  4  5  6  7  8  9 10 11 |
---------------+----------------------------------+-----
Maces & Flails | 3 4 6 7 9 10 11 | 11.1
Fighting       | 3 4 5 6 |  6.7
Dodging        | 3 4 5 6 |  6.5
Shields        | 1 2 3 4 5 |  5.6
Evocations     | 1 |  1.5
Stealth        | 1 2 |  2.5

Action                   |  1- 3 |  4- 6 |  7- 9 | 10-12 || total
-------------------------+-------+-------+-------+-------++-------
Melee: Mace              |   154 |   187 |   142 |       ||   483
       Flail             |       |       |   332 |   261 ||   593
       Giant club        |       |       |       |   132 ||   132
Invok: Berserk           |     1 |     5 |     7 |     3 ||    16
       Brothers in Arms  |       |       |     1 |     3 ||     4
       Trog's Hand       |       |       |       |     1 ||     1
 Abil: Evoke Flight      |       |     2 |     3 |       ||     5
       Stop Flying       |       |       |     1 |       ||     1
  Use: Scroll            |       |    13 |    11 |       ||    24
       Potion            |       |     3 |     3 |     8 ||    14
 Stab: Sleeping          |     1 |       |     6 |     7 ||    14
       Distracted        |       |       |     1 |       ||     1
  Eat: Chunk             |    16 |    25 |    40 |    49 ||   130
       Ration            |       |       |       |     1 ||     1
Armor: Animal skin       |   101 |   113 |    99 |    88 ||   401
Dodge: Dodged            |    93 |   135 |   144 |   158 ||   530
Block: Shield            |       |    64 |   162 |       ||   226
       Large shield      |       |       |     9 |   219 ||   228
